 Dungeon Crawl Stone Soup version 0.19-a0-1922-g1e9a4c1 (webtiles) character file.

923 LORDOFBUTT the Covert (level 7, 0/33 HPs)
             Began as a Spriggan Assassin on Oct 24, 2016.
             Was an Initiate of Gozag.
             Shot with an arrow by a centaur (10 damage)
             ... on level 5 of the Dungeon.
             The game lasted 00:06:38 (4852 turns).

LORDOFBUTT the Covert (Spriggan Assassin)           Turns: 4852, Time: 00:06:39

Health: 0/33       AC:  3    Str:  8    XL:     7   Next: 84%
Magic:  8/8        EV: 22    Int: 13    God:    Gozag
Gold:   173        SH:  0    Dex: 18    Spells: 0 memorised, 6 levels left

rFire  . . .     SeeInvis +     b - +0 blowgun
rCold  . . .     Gourm    .     c - +0 robe
rNeg   . . .     Faith    .     (shield restricted)
rPois  .         Spirit   .     (helmet restricted)
rElec  .         Reflect  .     d - +0 cloak
rCorr  .         Harm     .     (gloves unavailable)
MR     +....                    (boots unavailable)
Stlth  ++++++....               (no amulet)
                                (no ring)
                                r - ring of stealth

@: gold aura, very quick
A: unfitting armour, see invisible, herbivore 3, speed 3, slow metabolism 2
a: Potion Petition, Call Merchant, Bribe Branch, Renounce Religion


You were on level 5 of the Dungeon.
You worshipped Gozag.
Gozag was aware of your devotion.
You were not hungry.

You visited 2 branches of the dungeon, and saw 6 of its levels.

You collected 229 gold pieces.
You paid 56 gold pieces to Gozag.

Inventory:

Hand Weapons
 a - a +2 dagger
 b - a +0 blowgun (weapon)
Missiles
 e - 50 poisoned needles (quivered)
 f - a curare-tipped needle
Armour
 c - a +0 robe (worn)
 d - a +0 cloak (worn)
 u - a +0 cloak
Jewellery
 r - a ring of stealth (left hand)
Scrolls
 i - 3 scrolls of remove curse
 k - a scroll of enchant weapon {unknown}
 m - a scroll of teleportation {unknown}
 p - a scroll of random uselessness {unknown}
 q - a scroll of recharging {unknown}
 v - 2 scrolls of identify
Potions
 h - 2 potions of flight
 j - 2 potions of curing {unknown}
 n - a potion of brilliance {unknown}
 o - a potion of degeneration {unknown}
 t - 2 potions of magic {unknown}
Books
 s - a book of Frost

   Spells                             Type                      Level
   a - Freeze                         Ice                          1
   b - Throw Frost                    Conjuration/Ice              2
   c - Ozocubu's Armour               Charms/Ice                   3
   d - Throw Icicle                   Conjuration/Ice              4
   e - Summon Ice Beast               Ice/Summoning                4
Comestibles
 g - 4 bread rations


   Skills:
 - Level 1.5 Fighting
 + Level 5.3 Short Blades
 - Level 2.0 Throwing
 + Level 6.7 Dodging
 * Level 11.1 Stealth


You had 6 spell levels left.
You didn't know any spells.

Dungeon Overview and Level Annotations

Branches:
Dungeon (5/15)             Temple (1/1) D:4

Altars:
Ashenzari
Cheibriados
Dithmenos
Elyvilon
Fedhas
Gozag
Hepliaklqana
Kikubaaqudgha
Makhleb
Nemelex Xobeh
Okawaru
Qazlal
Ru
Sif Muna
Trog
Uskayaw
Vehumet
Xom
Yredelemnul
Zin
The Shining One


Innate Abilities, Weirdness & Mutations

You are very small and have problems with some larger weapons.
You are too small for most types of armour.
You have supernaturally acute eyesight. (SInv)
You are a herbivore.
You cover ground extremely quickly.
You need consume almost no food.


Message History

The centaur hits you but does no damage.
Wield which item (- for none, * to show all)? (? for menu, Esc to quit)
b - a +0 blowgun (weapon)
The centaur hits you. The centaur completely misses you.
Quiver which item? (- for none, * to show all) (? for menu, Esc to quit)
Quivering
e - 50 poisoned needles for blowguns.
The centaur wields an uncursed shortbow.
The centaur shoots an arrow.
The arrow hits you!
* * * LOW HITPOINT WARNING * * *
The centaur wields a shortbow.
The centaur shoots an arrow.
The arrow hits you but does no damage.
You see here 2 arrows.
The centaur shoots an arrow.
The arrow misses you.
The centaur shoots an arrow.
The arrow completely misses you.
The centaur shoots an arrow.
The arrow barely misses you.
You see here an arrow.
The centaur shoots an arrow.
The arrow completely misses you.
The centaur shoots an arrow.
The arrow hits you!
You die...
Your body crumbles into a pile of gold.

.#.....<.......[.##########
.#....#########...........#
#....# #(..........# ######
#...........# #...........#
#...........# #..(....)...#
#...........#
#######@##########
.....##.((...## #
............(.# .
..............# #
........(.....## #
......cc......... #
.......>...>..### #
.....########## # ##...


You could see 2 centaurs.

Vanquished Creatures
  Eustachio (D:5)
  A sky beast (D:4)
  2 ogres (D:4)
  A centaur (D:5)
  The ghost of droogie the Scratcher, an amateur FeTm (D:3)
  A water moccasin zombie (D:5)
  A scorpion (D:4)
  A howler monkey (D:4)
  A hound (D:4)
  A centaur skeleton (D:4)
  Robin (D:3)
  A howler monkey skeleton (D:5)
  6 adders
  An ooze (D:4)
  2 worms
  3 dart slugs
  3 leopard geckos
  2 orcs (D:3)
  4 ball pythons
  3 giant cockroaches
  8 goblins
  12 hobgoblins
  11 jackals
  3 quokkas
  11 bats
  3 frilled lizards
  4 kobolds
  A quokka skeleton (D:4)
  6 rats
96 creatures vanquished.

Notes
Turn   | Place    | Note
-------+----------+-------------------------------------------
     0 | D:1      | LORDOFBUTT the Spriggan Assassin began the quest for the Orb.
     0 | D:1      | Reached XP level 1. HP: 10/10 MP: 2/2
    12 | D:1      | Reached skill level 6 in Stealth
   138 | D:1      | Reached XP level 2. HP: 13/14 MP: 3/3
   750 | D:2      | Reached XP level 3. HP: 15/18 MP: 4/4
  1450 | D:2      | Found a glowing golden altar of the Shining One.
  1869 | D:3      | Noticed Robin
  1872 | D:3      | Reached XP level 4. HP: 22/22 MP: 5/5
  1892 | D:3      | Reached skill level 7 in Stealth
  1919 | D:3      | Killed Robin
  1994 | D:3      | Noticed droogie's ghost (amateur FeTm)
  2207 | D:3      | Killed droogie's ghost
  2207 | D:3      | Reached XP level 5. HP: 20/25 MP: 6/6
  2491 | D:3      | Reached skill level 8 in Stealth
  2783 | D:4      | Noticed an ogre
  2805 | D:4      | Killed an ogre
  2805 | D:4      | Reached skill level 5 in Dodging
  2805 | D:4      | Reached XP level 6. HP: 30/30 MP: 7/7
  2901 | D:4      | Reached skill level 9 in Stealth
  3761 | D:4      | Noticed a sky beast
  3768 | D:4      | Killed a sky beast
  3768 | D:4      | Reached XP level 7. HP: 33/33 MP: 8/8
  3869 | D:4      | Found a staircase to the Ecumenical Temple.
  3877 | D:4      | Reached skill level 10 in Stealth
  4182 | D:5      | Entered Level 5 of the Dungeon
  4222 | Temple   | Entered the Ecumenical Temple
  4434 | Temple   | Became a worshipper of Gozag Ym Sagoz the Greedy
  4574 | D:5      | Noticed Eustachio
  4619 | D:5      | Killed Eustachio
  4619 | D:5      | Reached skill level 5 in Short Blades
  4823 | D:5      | Reached skill level 11 in Stealth
  4852 | D:5      | Shot with an arrow by a centaur

Vault maps used:
D:1:      dpeg_arrival_court
D:2:      minmay_strange_pillars, nicolae_tso_carved_into_rock
D:3:      first_bread, kennysheep_nondescript, minmay_ruptured, uniq_robin
D:5:      grunt_ministairs_10, minmay_misc_feat_plants, uniq_eustachio
Temple:   roderic_octagonal_lattice_temple

Skill      XL: |  1  2  3  4  5  6  7 |
---------------+----------------------+-----
Stealth        | 6 7 8 9 11 | 11.1
Dodging        | 2 3 4 5 6 |  6.7
Short Blades   | 3 4 5 |  5.3
Fighting       | |  1.5
Throwing       | |  2.0

Action                   |  1- 3 |  4- 6 |  7- 9 || total
-------------------------+-------+-------+-------++-------
Melee: Dagger            |   178 |   173 |    71 ||   422
 Fire: Blowgun           |     2 |    17 |     2 ||    21
  Use: Scroll            |     5 |       |       ||     5
       Potion            |       |     1 |       ||     1
 Stab: Sleeping          |    12 |     8 |     5 ||    25
       Distracted        |       |     2 |       ||     2
  Eat: Pizza             |       |       |     1 ||     1
Armor: Robe              |    18 |     8 |     4 ||    30
Dodge: Dodged            |   173 |   141 |    51 ||   365
